AoeStats
← Shiverpops

Fortress

510448060Analyzed
1v1 RM · 24h ago on Oct 1, 2026· 28m 26s· 2 players
Game mode
Random Map
Map size
Small (3 player)
Population
200
Speed
Normal
Resources
Standard
Victory
Conquest
Starting age
Dark Age
Ending age
Imperial Age
RankedLock teamsTeams togetherTeam positionsShared explorationLock speedFull tech treeHidden civsTurbo modeCheats
Victory
Defeat
🇨🇴 Sicilians · Colombia
984
+17
🇦🇺 Huns · Australia
996
-17
Zero Vitae
8:26 Feudal Age
10:06 Double-Bit Axe
10:02 Horse Collar
13:13 Castle Age
11:13 Gold Mining
12:01 Forging
13:01 Loom
13:48 Scale Mail Armor
15:15 Bow Saw
16:33 Wheelbarrow
17:15 Squires
17:13 Pikeman
18:32 Iron Casting
19:31 Chain Mail Armor
20:15 Fletching
Shiverpops
4:21 Loom
9:16 Feudal Age
12:58 Castle Age
10:53 Double-Bit Axe
10:51 Horse Collar
11:43 Gold Mining
14:36 Bow Saw
16:41 Fletching
18:12 Heavy Plow
21:02 Elite Skirmisher
21:52 Scale Barding Armor
21:58 Forging
Connection lost

Rejoining the realm…

Still unreachable

The connection could not be restored.

Session expired

The server has moved on; the page needs a fresh start.